 Dungeon Crawl Stone Soup version 0.31.0-9-g3a7656b989 (webtiles) character file.

Game seed: 15202498352736575098

177 qw the Skirmisher (level 5, -18/29 HPs)
             Began as a Deep Elf Hunter on Feb 2, 2024.
             Demolished by a wight
             ... wielding a +0 halberd of distortion
              (21 damage)
             ... on level 4 of the Dungeon.
             The game lasted 00:00:06 (2292 turns).

qw the Skirmisher (Deep Elf Hunter)                 Turns: 2292, Time: 00:00:07

Health: -18/29     AC:  6    Str: 10    XL:     5   Next: 31%
Magic:  7/7        EV: 11    Int: 16    God:
Gold:   30         SH:  0    Dex: 18    Spells: 4/4 levels left

rFire   . . .        a - +0 shortbow
rCold   . . .        (shield currently unavailable)
rNeg    . . .        d - +0 ring mail
rPois   .            e - +0 helmet
rElec   .            b - -1 cloak of Absolutism {Int+2}
rCorr   .            (no gloves)
SInv    .            (no boots)
Will    .....        (no amulet)
Stlth   +            (no ring)
HPRegen 0.24/turn    (no ring)
MPRegen 0.10/turn

%: no passive effects
@: no status effects
A: no striking features
a: no special abilities


You were on level 4 of the Dungeon.
You visited 1 branch of the dungeon, and saw 4 of its levels.

You collected 88 gold pieces.
You spent 58 gold pieces at shops.


   Skills:
 - Level 1.5 Fighting
 + Level 8.8 Ranged Weapons
 - Level 2.4 Dodging
 - Level 1.2 Stealth


You had 4 spell levels left.
You didn't know any spells.
Your spell library was empty.

Inventory:

Hand Weapons
 a - a +0 shortbow (weapon)
Armour
 b - the -1 cloak of Absolutism (worn) {Int+2}
   (You found it on level 3 of the Dungeon)

   Int+2:     It affects your intelligence (+2).
 d - a +0 ring mail (worn)
 e - a +0 helmet (worn)
Potions
 g - a potion of haste {unknown}

Dungeon Overview and Level Annotations

Branches:
Dungeon (4/15)
 Temple: D:4-7

Altars:

Shops:
D:3 [


Message History

Found 3 stones.
Found a stone staircase leading down.
You feel a little less clever now.
A wight comes into view. It is wielding a +0 spear.
You shoot an arrow. The arrow closely misses the wight.
A wight comes into view.
It is wielding a +0 halberd of distortion.
You shoot an arrow. The arrow hits the wight.
The wight is lightly damaged.
The wight barely misses you.
You shoot an arrow. The arrow hits the wight.
The wight is moderately damaged.
The wight barely misses you.
You shoot an arrow. The arrow barely misses the wight. x2
The wight barely misses you.
You shoot an arrow. The arrow hits the wight.
The wight is heavily damaged.
The wight hits you from afar with a +0 spear.
The wight hits you from afar with a +0 halberd of distortion!
You feel drained.
You shoot an arrow. The arrow hits the wight.
The wight is almost destroyed.
The wight hits you from afar with a +0 spear.
The wight misses you.
You shoot an arrow. The arrow barely misses the wight.
The wight hits you from afar with a +0 spear.
The wight completely misses you.
You shoot an arrow. The arrow hits the wight.
You destroy the wight!
The wight closely misses you. The wight barely misses you.
Your life force feels restored.
You have reached level 5!
You shoot an arrow.
The arrow hits the wight but does no damage.
The wight closely misses you.
You shoot an arrow.
The arrow hits the wight but does no damage.
The wight hits you from afar with a +0 halberd of distortion.
Space warps horribly around you!!
Ouch! That really hurt!
You die...

......##.#.#...##
......#..#.#....##
.###.#..##.###.#.#
.....#.###.# #.#.#
....>..# #.# #.#.#
<..#.### #.# #.#.#
# ...#.# #.###.#.#
.##.# ...#
#...#.#.....# .(.#
#....@.)..... ...#
#......z.....
#............
#...#.#.#####
###.#.#.. #.#.####
#.#.# #.#


You could see a wight.

Vanquished Creatures
  A wight (D:4)
  Natasha (D:2)
  5 adders
  2 dart slugs
  An orc (D:3)
  4 ball pythons
  8 bats
  6 endoplasms
  A giant cockroach (D:3)
  7 goblins
  A hobgoblin (D:1)
  4 kobolds
  4 quokkas
  2 frilled lizards
  6 rats
53 creatures vanquished.

Notes
Turn   | Place    | Note
-------+----------+-------------------------------------------
     0 | D:1      | qw the Deep Elf Hunter began the quest for the Orb.
     0 | D:1      | Reached XP level 1. HP: 12/12 MP: 3/3
     0 | D:1      | 0 ||| qw: Version: 0.3-a-155-g5e7d8dd
     0 | D:1      | 0 ||| qw: Game counter: 1411
     0 | D:1      | 0 ||| qw: Melee chars always use a shield: true
     0 | D:1      | 0 ||| qw: God list: Okawaru
     0 | D:1      | 0 ||| qw: Allow faded altars: false
     0 | D:1      | 0 ||| qw: Do Orc after clearing Dungeon:15 true
     0 | D:1      | 0 ||| qw: Do second Lair branch before Depths: true
     0 | D:1      | 0 ||| qw: Lair rune preference: random
     0 | D:1      | 0 ||| qw: Goals: Normal
     0 | D:1      | 0 ||| PLANNING D:1-11
   269 | D:1      | Reached XP level 2. HP: 16/16 MP: 4/4
   305 | D:1      | Reached skill level 6 in Ranged Weapons
   796 | D:1      | 796 ||| UPGRADING to +0 ring mail.
   806 | D:1      | 806 ||| DROPPING +0 leather armour.
   807 | D:1      | 807 ||| READING scroll labelled OZATWE JIFYPOER.
   812 | D:1      | 812 ||| READING scroll labelled CUTREJA HAPU.
   813 | D:1      | 813 ||| DROPPING scroll of butterflies.
   859 | D:2      | Noticed Natasha
   868 | D:2      | Killed Natasha
   869 | D:2      | Reached skill level 7 in Ranged Weapons
   869 | D:2      | Reached XP level 3. HP: 20/20 MP: 5/5
  1424 | D:2      | 1424 ||| READING scroll labelled KECSUBIFIH.
  1520 | D:3      | Reached XP level 4. HP: 23/25 MP: 6/6
  1552 | D:3      | Identified the -1 cloak of Absolutism {Int+2}
  1713 | D:3      | Found Booxzuke's Armour Boutique.
  1722 | D:3      | 1722 ||| BUYING +0 helmet (58 gold).
  1722 | D:3      | Bought a +0 helmet for 58 gold pieces
  1992 | D:3      | Reached skill level 8 in Ranged Weapons
  2193 | D:3      | 2193 ||| UPGRADING to -1 cloak of Absolutism {Int+2}.
  2198 | D:3      | 2198 ||| UPGRADING to +0 helmet.
  2203 | D:3      | 2203 ||| READING 2 scrolls labelled ZIRRER XEFOTI.
  2204 | D:3      | 2204 ||| READING scroll labelled TESOIF JORURGH.
  2205 | D:3      | 2205 ||| DRINKING 2 sapphire potions.
  2206 | D:3      | 2206 ||| DROPPING scroll of revelation.
  2207 | D:3      | 2207 ||| DROPPING potion of brilliance.
  2288 | D:4      | HP: 6/24 [wight/+0 spear (4)]
  2291 | D:4      | Reached XP level 5. HP: 6/29 MP: 7/7
  2292 | D:4      | Demolished by a wight

Levels and vault maps discovered:
D:1:      dpeg_arrival_tiny_g, layout_loops_corners
D:2:      layout_basic, uniq_natasha
D:3:      layout_loops_ring, serial_shops, shop
D:4:      layout_basic, temple_statues, kennysheep_another_room,
          hangedman_feature_mirror, hangedman_decor_points

Skill      XL: |  1  2  3  4 |
---------------+-------------+-----
Ranged Weapons | 7 8 |  8.8
Fighting       | |  1.5
Dodging        | |  2.4
Stealth        | |  1.2

Action                     |  1- 3 |  4- 6 || total
---------------------------+-------+-------++-------
   Fire: Shortbow          |    88 |    59 ||   147
    Use: Scroll            |     3 |     2 ||     5
         Potion            |       |     1 ||     1
 Armour: Ring mail         |    11 |    17 ||    28
         Leather armour    |     3 |       ||     3
         Skin              |     3 |       ||     3
  Dodge: Dodged            |    14 |    14 ||    28

Table legend:
 A = Non-vault XP
 B = Vault XP
 C = Vault XP percentage of total XP
 D = Non-vault monster count
 E = Vault monster count
 F = Vault count percentage of total count
                 A         B        C        D         E       F
            +---------+---------+-------+---------+---------+-------
      Total |     219 |      35 |  13.8 |      52 |       1 |   1.9
            +---------+---------+-------+---------+---------+-------
        D:1 |      24 |       0 |   0.0 |      15 |       0 |   0.0
        D:2 |      28 |      35 |  55.6 |      15 |       1 |   6.2
        D:3 |      81 |       0 |   0.0 |      19 |       0 |   0.0
        D:4 |      86 |       0 |   0.0 |       3 |       0 |   0.0
            +---------+---------+-------+---------+---------+-------
